 Dungeon Crawl Stone Soup version 0.13.0-7-g3df9ff1 (webtiles) character file.

305 MackTheKnife the Skirmisher (level 5, 0/49 HPs)
             Began as an Ogre Earth Elementalist on Oct 16, 2013.
             Succumbed to an adder's poison
             ... on Level 3 of the Dungeon.
             The game lasted 00:07:11 (4805 turns).

MackTheKnife the Skirmisher (OgEE)                  Turns: 4805, Time: 00:07:12

HP   0/49        AC  3     Str 14      XL: 5   Next: 31%
MP   8/8         EV 10     Int 14      God:
Gold 156         SH  0     Dex 10      Spells:  1 memorised,  5 levels left

Res.Fire  : . . .   See Invis. : .   g - +0 spear
Res.Cold  : . . .   Warding    : .   c - +0 robe
Life Prot.: . . .   Conserve   : .   (shield restricted)
Res.Poison: .       Res.Corr.  : .   (helmet restricted)
Res.Elec. : .       Clarity    : .   (no cloak)
Sust.Abil.: . .     Spirit.Shd : .   (gloves unavailable)
Res.Mut.  : .       Stasis     : .   (boots unavailable)
Res.Rott. : .       Flight     : .   (no amulet)
Saprovore : + . .                    (no ring)
                                     (no ring)

@: mildly poisoned, slightly resistant to hostile enchantments, unstealthy
A: unfitting armour, fast metabolism 1, saprovore 1, tough skin 1
a: no special abilities


You were on level 3 of the Dungeon.
You were hungry.

You visited 1 branch of the dungeon, and saw 3 of its levels.

You collected 136 gold pieces.

Inventory:

Hand weapons
 g - a +0,+0 spear (weapon)
 p - a -1,-3 elven whip
Missiles
 t - 7 large rocks (quivered)
Armour
 c - a +0 robe (worn)
Comestibles
 a - a meat ration
 j - 2 bread rations
Scrolls
 b - a scroll of enchant weapon I {unknown}
 e - 2 scrolls of fog {unknown}
 h - 3 scrolls of remove curse
 k - 2 scrolls of curse jewellery {unknown}
 m - a scroll of teleportation {unknown}
 n - 2 scrolls of enchant weapon II {unknown}
 o - 2 scrolls of blinking {unknown}
 q - a scroll of recharging {unknown}
 r - 3 scrolls of magic mapping {unknown}
 s - a scroll of random uselessness {unknown}
 v - 3 scrolls of curse weapon {unknown}
Potions
 f - a potion of resistance
 i - a potion of restore abilities
 l - a potion of experience {unknown}
 u - 2 potions of might {unknown}
 w - a potion of paralysis {unknown}
 x - a potion of magic {unknown}
Books
 d - a book of Geomancy

   Spells                             Type                      Level
   *Sandblast                         Earth                        1
   Stoneskin                          Transmutation/Earth          2
   Passwall                           Transmutation/Earth          3
   Stone Arrow                        Conjuration/Earth            3
   Petrify                            Transmutation/Earth          4
   Lee's Rapid Deconstruction         Earth                        5


   Skills:
 + Level 5.0 Fighting
 - Level 3.0 Maces & Flails
 - Level 2.2 Dodging
 - Level 1.5 Stealth
 - Level 1.2 Spellcasting
   Level 0.6 Transmutations
 - Level 2.1 Earth Magic


You had 5 spell levels left.
You knew the following spells:

 Your Spells              Type           Power        Failure   Level  Hunger
a - Sandblast             Erth           #.....       14%         1    ##.....


Dungeon Overview and Level Annotations

Branches:
Dungeon (3/27)

Altars:
Makhleb
Trog


Innate Abilities, Weirdness & Mutations

You are too large for most types of armour.
You have a fast metabolism.
You can tolerate rotten meat.
You have tough skin (AC +1).


Message History

You start resting.
* * * LOW HITPOINT WARNING * * *
You feel sick.
You start resting.
* * * LOW HITPOINT WARNING * * *
You feel sick.
You start resting.
* * * LOW HITPOINT WARNING * * *
You feel sick.
You start resting.
* * * LOW HITPOINT WARNING * * *
You feel sick.
You start resting.
* * * LOW HITPOINT WARNING * * *
You feel sick.
You start resting.
* * * LOW HITPOINT WARNING * * *
You feel sick.
You start resting.
You die...

≈≈≈P≈# #.# ###.###
≈≈♣≈P# #.# #.....#
≈♣≈≈≈P# #.#
######)....# ≈♣≈≈≈P
####.#####....'.....#
♣P♣♣≈
#......[...####.....#


PPP #....##.####### #.....' PPP . #.# #.....# PP ##.# #.....# .. #.@# #.....# .
#$## ####+## #. #. #. #. #+ There were no monsters in sight!

Vanquished Creatures
  A hound (D:2)
  5 adders
  2 giant geckos
  An ooze (D:2)
  An orc (D:3)
  A ball python (D:2)
  4 giant cockroaches
  9 goblins
  13 hobgoblins
  3 jackals (D:3)
  4 kobolds (D:2)
  8 bats
  3 giant newts (D:2)
  2 quokkas
  12 rats
69 creatures vanquished.

Notes
Turn   | Place    | Note
--------------------------------------------------------------
     0 | D:1      | MackTheKnife, the Ogre Earth Elementalist, began the quest for the Orb.
     0 | D:1      | Reached XP level 1. HP: 16/16 MP: 3/3
    41 | D:1      | Reached skill level 1 in Fighting
   368 | D:1      | Reached XP level 2. HP: 24/24 MP: 4/4
  1541 | D:2      | Reached skill level 1 in Maces & Flails
  1544 | D:2      | Found a burning altar of Makhleb.
  1555 | D:2      | Reached skill level 3 in Fighting
  1555 | D:2      | Reached XP level 3. HP: 12/32 MP: 5/5
  1805 | D:2      | Reached XP level 4. HP: 12/40 MP: 5/7
  2257 | D:2      | HP: 1/40 [hobgoblin/orcish club (3)]
  2865 | D:2      | Found a bloodstained altar of Trog.
  3521 | D:3      | Reached skill level 4 in Fighting
  3745 | D:3      | Reached XP level 5. HP: 10/48 MP: 8/8
  4670 | D:3      | Reached skill level 5 in Fighting
  4677 | D:3      | HP: 2/49 [poisoned by an adder]
  4687 | D:3      | HP: 1/49 [poisoned by an adder]
  4774 | D:3      | HP: 2/49 [poisoned by an adder]
  4787 | D:3      | HP: 2/49 [poisoned by an adder]
  4794 | D:3      | HP: 2/49 [poisoned by an adder]
  4800 | D:3      | HP: 1/49 [poisoned by an adder]
  4805 | D:3      | Succumbed to an adder's poison

Action                   |  1- 3 |  4- 6 || total
-------------------------+-------+-------++-------
Melee: Spear             |   106 |   273 ||   379
       Whip              |    31 |       ||    31
Throw: Large rock        |       |     7 ||     7
 Cast: Sandblast         |       |     5 ||     5
  Use: Scroll            |     2 |     1 ||     3
       Potion            |       |     2 ||     2
 Stab: Sleeping          |     1 |     1 ||     2
       Distracted        |       |     2 ||     2
